 Dungeon Crawl Stone Soup version 0.28-a0-8-g6e044cfa68 (webtiles) character file.

Game seed: 1744989561174222820

1909 sanka the Zephyrmancer (level 9, -1/45 HPs)
             Began as a Tengu Air Elementalist on July 24, 2021.
             Slain by a hound (2 damage)
             ... on level 6 of the Dungeon.
             The game lasted 00:12:12 (7960 turns).

sanka the Zephyrmancer (Tengu Air Elementalist)     Turns: 7960, Time: 00:12:13

Health: -1/45      AC:  3    Str:  8    XL:     9   Next: 16%
Magic:  5/13       EV: 20    Int: 19    God:
Gold:   327        SH:  0    Dex: 15    Spells: 2/12 levels left

rFire   . . .      SeeInvis .   z - +1 hand axe (elec)
rCold   . . .      Faith    .   (no shield)
rNeg    . . .      Spirit   .   a - +0 robe
rPois   .          Reflect  .   (helmet restricted)
rElec   .          Harm     .   v - +0 cloak
rCorr   .          Rampage  .   (no gloves)
Will    .....                   (boots unavailable)
Stlth   ++........              (no amulet)
HPRegen 0.15/turn               (no ring)
MPRegen 0.13/turn               (no ring)

@: attractive, flying quickly and evasively, quick
A: beak, talons 3, nimble flight
a: no special abilities


You were on level 6 of the Dungeon.
You visited 2 branches of the dungeon, and saw 7 of its levels.

You collected 327 gold pieces.


Innate Abilities, Weirdness & Mutations

You have a beak for a mouth.
You have claws for feet.
Your magical nature lets you fly swiftly and evasively.


   Skills:
 + Level 9.5 Dodging
 - Level 2.0 Stealth
 - Level 2.0 Spellcasting
 - Level 1.3 Conjurations
 - Level 11.0 Air Magic


You had 2 spell levels left.
You knew the following spells:

 Your Spells              Type           Power      Damage    Failure   Level
s - Swiftness             Air            43%        N/A       1%          3
x - Airstrike             Air            21%        N/A       1%          4
z - Shock                 Conj/Air       100%       1d9       1%          1
Z - Static Discharge      Conj/Air       25%        N/A       1%          2

Your spell library contained the following spells:

 Spells                   Type           Power      Damage    Failure   Level
 Corona                   Hex            1%         N/A       17%         1
 Ensorcelled Hibernation  Hex/Ice        2%         N/A       26%         2
 Passwall                 Tmut/Erth      0%         N/A       26%         2
 Tukima's Dance           Hex            1%         N/A       45%         3
 Invisibility             Hex            0%         N/A       100%        6

Inventory:

Hand Weapons
 c - a +2 whip of freezing
 n - a +0 trident
 y - a +0 dire flail
 z - a +1 hand axe of electrocution (weapon)
Armour
 a - a +0 robe (worn)
 v - a +0 cloak (worn)
Magical Staves
 p - a staff of fire
Wands
 g - a wand of paralysis (9)
Scrolls
 b - a scroll of blinking {unknown}
 d - a scroll of teleportation {unknown}
 f - 4 scrolls of enchant weapon {unknown}
 h - 2 scrolls of amnesia {unknown}
 m - 3 scrolls of identify {unknown}
 q - a scroll of enchant armour {unknown}
 t - a scroll of magic mapping {unknown}
 u - a scroll of fog {unknown}
 x - 2 scrolls of holy word {unknown}
Potions
 e - 2 potions of attraction {!q}
 i - a potion of might {unknown}
 j - 2 potions of mutation {unknown}
 k - a potion of brilliance {unknown}
 l - 2 potions of ambrosia {unknown}
 o - a potion of flight {unknown}
 r - 2 potions of heal wounds {unknown}
 s - 2 potions of curing {unknown}
 w - a potion of resistance {unknown}

Dungeon Overview and Level Annotations

Branches:
Dungeon (6/15)             Temple (1/1) D:5

Altars:
Ashenzari
Cheibriados
Dithmenos
Elyvilon
Fedhas
Gozag
Hepliaklqana
Kikubaaqudgha
Makhleb
Nemelex Xobeh
Okawaru
Ru
Sif Muna
Uskayaw
Wu Jian
Xom
Yredelemnul
The Shining One

Annotations:
D:6 3 runed translucent doors, funkygono's ghost, novice GrFE

▒▒.....▒▒.....▒▒
▒▒▒▒▒▒▒▒▒▒▒▒..........(...▒▒
...▒.....▒▒................▒
..........▒................▒
...........................▒
........(..................▒
.........).................▒
.........().)..>.h.........▒
..........[▒....Q.oo......▒▒
...o......▒▒▒..<.s▒......▒▒
.........▒▒ ▒▒▒▒▒▒▒.▒▒▒▒.▒
▒▒▒.▒▒▒▒▒▒▒▒▒ ▒..▒ ▒.▒▒▒ ▒▒▒▒
▒.▒.......▒▒▒▒▒▒▒▒.▒▒▒...▒▒▒...
▒▒▒.▒.......▒.........▒▒▒▒.▒...▒▒
†...........▒.........▒ ▒▒.▒.▒▒▒
▒▒▒.........▒.........▒▒▒....▒
▒.▒......(.....>........▒..▒▒▒


You could see an orc warrior, a scorpion, a hound and an orc.


Message History

You kill Grinder!
Unknown command.
The hound barks!
The orc shouts!
The orc wizard casts a spell.
The orc wizard flickers and vanishes!
Deactivating autopickup; reactivate with Ctrl-A.
You are confused.
You bump into the rock wall.
The orc warrior shouts!
The scorpion completely misses you.
It was a potion of attraction.
You feel attractive to monsters. The scorpion barely misses you.
The scorpion misses you. Something is pulled toward you!
The hound is pulled toward you! The scorpion misses you.
You barely miss something. You miss the hound.
You hit the scorpion but do no damage.
You feel less confused. The hound bites you. The scorpion closely misses you.
Something hits you.
* * * LOW HITPOINT WARNING * * *
You are electrocuted!!
* * * LOW HITPOINT WARNING * * *
The hound bites you.
You die...

Action                   |  1- 3 |  4- 6 |  7- 9 || total
-------------------------+-------+-------+-------++-------
Melee: Unarmed           |     5 |       |       ||     5
       Kick              |     2 |     1 |     1 ||     4
       Whip              |     3 |     9 |     3 ||    15
       Peck              |     1 |     1 |     1 ||     3
       Hand axe          |       |       |     8 ||     8
 Cast: Shock             |    86 |   110 |   101 ||   297
       Static Discharge  |       |       |    11 ||    11
       Airstrike         |       |       |     9 ||     9
  Use: Potion            |       |       |     1 ||     1
Armor: Robe              |     3 |     5 |     5 ||    13
Dodge: Dodged            |     8 |    20 |    50 ||    78

Levels and vault maps discovered:
D:1:      psy_arrival_statuary, layout_basic, serial_corexii_hall,
          corexii_hall_statues_x, chequers_hall_statues_corner_a,
          chequers_hall_statues_y, ebering_ecumenical_altar_ruins
D:2:      layout_basic, basic_altar
D:3:      layout_basic
D:4:      layout_gridville
D:5:      layout_loops_corners, jmf_multi_god_temple, minmay_temple_entry_glass
D:6:      layout_rooms, gammafunk_ghost_split, uniq_grinder
Temple:   nicolae_temple_elliptical

Notes
Turn   | Place    | Note
-------+----------+-------------------------------------------
     0 | D:1      | sanka the Tengu Air Elementalist began the quest for the
                  | Orb.
     0 | D:1      | Reached XP level 1. HP: 10/10 MP: 4/4
   126 | D:1      | Found a faded altar of an unknown god.
   148 | D:1      | Reached XP level 2. HP: 9/15 MP: 1/6
   258 | D:1      | Learned a level 2 spell: Static Discharge
   334 | D:1      | Reached skill level 5 in Air Magic
   803 | D:1      | Reached XP level 3. HP: 19/19 MP: 1/7
   993 | D:1      | Learned a level 3 spell: Swiftness
  1772 | D:2      | Reached skill level 6 in Air Magic
  2039 | D:2      | Found a hide-covered altar of Uskayaw.
  2178 | D:2      | Reached XP level 4. HP: 23/24 MP: 1/8
  3096 | D:3      | Reached skill level 7 in Air Magic
  3226 | D:3      | Gained mutation: Your magical nature lets you fly swiftly
                  | and evasively. [Tengu growth]
  3226 | D:3      | Reached XP level 5. HP: 20/28 MP: 5/9
  3972 | D:4      | Noticed a necrophage
  3980 | D:4      | Killed a necrophage
  3981 | D:4      | Reached skill level 8 in Air Magic
  3981 | D:4      | Reached XP level 6. HP: 32/32 MP: 0/10
  4160 | D:4      | Reached skill level 9 in Air Magic
  4356 | D:4      | Noticed a necrophage
  4376 | D:4      | Killed a necrophage
  4431 | D:4      | Reached skill level 10 in Air Magic
  4431 | D:4      | Reached XP level 7. HP: 36/36 MP: 6/11
  4903 | D:4      | You are sucked into a shaft and drop 1 floor!
  4903 | D:5      | Entered Level 5 of the Dungeon
  4912 | D:5      | Found a staircase to the Ecumenical Temple.
  4922 | Temple   | Entered the Ecumenical Temple
  5313 | D:5      | Learned a level 4 spell: Airstrike
  5479 | D:5      | Reached skill level 3 in Dodging
  5479 | D:5      | Reached skill level 11 in Air Magic
  5727 | D:5      | Reached skill level 4 in Dodging
  5727 | D:5      | Reached XP level 8. HP: 31/41 MP: 5/12
  6016 | D:5      | Found a shimmering altar of Xom.
  6016 | D:5      | Found a glowing golden altar of the Shining One.
  6049 | D:5      | Reached skill level 5 in Dodging
  6232 | D:5      | Reached skill level 6 in Dodging
  6849 | D:6      | Reached skill level 7 in Dodging
  7069 | D:6      | Reached skill level 8 in Dodging
  7691 | D:6      | Reached skill level 9 in Dodging
  7691 | D:6      | Reached XP level 9. HP: 45/45 MP: 0/13
  7837 | D:6      | Found a runed translucent gate.
  7839 | D:6      | Found a runed translucent gate.
  7840 | D:6      | Found a runed translucent gate.
  7841 | D:6      | Noticed a two-headed ogre
  7847 | D:6      | Noticed funkygono's ghost (novice GrFE)
  7848 | D:6      | Noticed a two-headed ogre
  7860 | D:6      | Noticed Grinder
  7868 | D:6      | Paralysed by Grinder for 4 turns
  7874 | D:6      | Paralysed by Grinder for 4 turns
  7900 | D:6      | Paralysed by Grinder for 2 turns
  7921 | D:6      | Killed Grinder
  7960 | D:6      | HP: 1/45 [something (19)]
  7960 | D:6      | Slain by a hound

Vanquished Creatures
  Grinder (D:6)
  2 water moccasins (D:5)
  2 ice beasts
  A sky beast (D:6)
  A black bear (D:5)
  3 necrophages
  An ogre (D:4)
  2 centaurs (D:6)
  2 bullfrogs (D:6)
  A centaur zombie (D:6)
  A jelly (D:5)
  A gnoll shaman (D:4)
  2 hounds
  An orc priest (D:6)
  A bullfrog skeleton (D:5)
  3 iguanas
  2 howler monkey skeletons
  5 adders
  5 gnolls
  2 ufetubi
  A worm (D:2)
  4 dart slugs
  8 orcs
  3 bats
  4 endoplasms
  A giant cockroach (D:3)
  11 goblins
  6 hobgoblins
  11 jackals
  5 quokkas
  8 ball pythons
  4 frilled lizards
  12 kobolds
  9 rats
126 creatures vanquished.
